 Seeded DCSS version 0.31-a0-4-gefa6de2278 (webtiles) character file.

Game seed: 9909445277333701623 (custom seed)

1690 Pimp the Poker (level 9, -4/69 HPs)
             Began as a Merfolk Gladiator on May 3, 2023.
             Asphyxiated
             ... on level 6 of the Dungeon.
             The game lasted 00:18:11 (5015 turns).

Pimp the Poker (Merfolk Gladiator)                  Turns: 5015, Time: 00:18:12

Health: -4/69      AC: 11    Str: 21    XL:     9   Next: 2%
Magic:  9/9        EV: 18    Int: 11    God:
Gold:   236        SH:  0    Dex: 16    Spells: 8/8 levels left

rFire   . . .        a - +1 trident
rCold   . . .        (no shield)
rNeg    . . .        j - +0 scale mail
rPois   .            c - +1 helmet
rElec   .            (no cloak)
rCorr   .            (no gloves)
SInv    .            f - +1 pair of boots of Dishonour {Str+7 Slay+4}
Will    +....        (no amulet) Stlth
                     h - ring of willpower
HPRegen 0.31/turn    s - +5 ring of evasion
MPRegen 0.11/turn

%: no passive effects
@: lethally poisoned (-4 -> -22), slowed, very slow
A: (nimble swimmer 2), mertail
a: no special abilities


You were on level 6 of the Dungeon.
You visited 1 branch of the dungeon, and saw 7 of its levels.
You also visited: Ossuary.

You collected 236 gold pieces.

Inventory:

Hand Weapons
 a - a +1 trident (weapon)
Missiles
 d - 3 throwing nets (quivered)
 e - 5 javelins
Armour
 b - a +0 leather armour
 c - a +1 helmet (worn)
 f - the +1 pair of boots of Dishonour (worn) {Str+7 Slay+4}
   (You acquired it on level 1 of the Dungeon)

   Str:       It affects your strength (+7).
   Slay:      It affects your accuracy & damage with ranged weapons and melee
   (+4).
 j - a +0 scale mail (worn)
Jewellery
 h - a ring of willpower (left hand)
 q - a ring of flight
 s - a +5 ring of evasion (right hand)
 E - a +5 ring of evasion
 F - a ring of resist corrosion
 G - a ring of ice
Wands
 t - a wand of mindburst (14)
 u - a wand of digging (1)
Scrolls
 o - 4 scrolls of teleportation
 r - 3 scrolls of identify
 y - a scroll of magic mapping {unknown}
 A - a scroll of butterflies {unknown}
 B - a scroll of blinking {unknown}
 C - a scroll of vulnerability {unknown}
 D - a scroll of brand weapon {unknown}
 H - a scroll of torment {unknown}
 I - a scroll of fog {unknown}
Potions
 g - 2 potions of haste {unknown}
 i - 2 potions of magic {unknown}
 k - 2 potions of cancellation {unknown}
 l - a potion of ambrosia
 m - 3 potions of mutation {unknown}
 n - 2 potions of heal wounds {unknown}
 p - 4 potions of attraction {unknown}
 x - a potion of curing {unknown}
 z - 2 potions of might {unknown}


   Skills:
 + Level 5.9 Fighting
 + Level 7.8 Polearms
 + Level 5.3 Throwing
 + Level 3.3 Armour
 + Level 7.6 Dodging


You had 8 spell levels left.
You didn't know any spells.
Your spell library contained the following spells:

 Spells                   Type           Power      Damage    Failure   Level
 Sublimation of Blood     Necr           0%         N/A       82%         2
 Inner Flame              Hex/Fire       0%         N/A       96%         3
 Dispel Undead            Necr           0%         3d6       100%        4
 Flame Wave               Conj/Fire      0%         2d4       100%        4
 Sticky Flame             Conj/Fire      0%         2d3       100%        4
 Necromutation            Tmut/Necr      0%         N/A       100%        8


Dungeon Overview and Level Annotations

Branches:
Dungeon (7/15)            Ossuary (visited)
 Temple: D:4-7

Altars:
Gozag
Zin

Annotations:
D:5 Dowan, Duvessa


Innate Abilities, Weirdness & Mutations

((You are very nimble when in or above water. (Stealth+, EV+, Speed+++)))
Your lower body shifts to a powerful aquatic tail in water.


Message History

The orc misses you.
You climb upwards.
There is a stone staircase leading down here.
You barely miss the orc. The orc closely misses you.
You hit the orc. You punch the orc.
You kill the orc!
You now have 236 gold pieces (gained 3).
You see here a +0 whip.
A kobold brigand comes into view.
It is wielding a +0 short sword and quivering curare-tipped darts.
The kobold brigand shouts!
You hear a shout! x2
The kobold brigand throws a curare-tipped dart.
The curare-tipped dart hits you.
You are poisoned.
You have difficulty breathing.
You feel yourself slow down.
A kobold brigand is nearby!
You feel very sick.
The kobold brigand throws a curare-tipped dart.
The curare-tipped dart hits you.
You are lethally poisoned!
You have difficulty breathing.
* * * LOW HITPOINT WARNING * * *
You feel as though you will be slow longer.
The kobold brigand throws a curare-tipped dart.
The curare-tipped dart closely misses you.
You see here a +0 whip.
As you read the scroll labelled RIESUAC BAOC, it crumbles to dust.
It is a scroll of enchant weapon.
Your +0 trident glows red for a moment.
* * * LOW HITPOINT WARNING * * *
You feel extremely sick.
The air fills with toxic fumes!
As you read the scroll labelled PYISHAMAAN, it crumbles to dust.
It was a scroll of poison.
* * * LOW HITPOINT WARNING * * *
You feel very sick.
The kobold brigand throws a curare-tipped dart.
The curare-tipped dart hits you.
You are more poisoned.
You have difficulty breathing.
You die...

# #### . ### ...# ..
#§. .).##... #§#
........ #§# ).......
#§# ......... #§#
.........§§§###§###
.........§§§K§§§@§#
.......########§§§#
######## #§§#§#
#§§.§# #######§§#####
### #.....§§§....#
..## #.###§§#####.#
#..# #.#[§§§....#.#
##.#####.#.#......#.#


You could see a kobold brigand.

Vanquished Creatures
  An ice beast (D:5)
  2 black bears
  An orc warrior (D:6)
  2 ogres
  A centaur (D:7)
  A phantom (D:6)
  2 bullfrogs
  A scorpion (D:4)
  2 howler monkeys (D:7)
  4 hounds
  An orc priest (D:6)
  Jessica (D:3)
  2 iguanas (D:5)
  Terence (D:3)
  A sleepcap (D:3)
  13 mummies (Ossuary)
  3 gnolls (D:2)
  11 adders
  A shadow imp (D:5)
  2 dart slugs (D:3)
  5 worms
  14 orcs
  3 ball pythons (D:1)
  4 endoplasms
  3 giant cockroaches
  7 goblins
  12 hobgoblins
  10 jackals
  3 quokkas
  8 bats
  2 frilled lizards (D:3)
  3 gnoll skeletons (Ossuary)
  3 goblin skeletons (Ossuary)
  5 kobolds
  2 orc skeletons (Ossuary)
  7 rats
  11 rat skeletons (Ossuary)
155 creatures vanquished.

Notes
Turn   | Place    | Note
-------+----------+-------------------------------------------
     0 | D:1      | Pimp the Merfolk Gladiator began the quest for the Orb.
     0 | D:1      | Reached XP level 1. HP: 16/16 MP: 1/1
   102 | D:1      | Identified a scroll of acquirement
   102 | D:1      | Acquired the +1 pair of boots of Dishonour {Str+7 Slay+4}
   112 | D:1      | Reached XP level 2. HP: 12/23 MP: 2/2
   367 | D:1      | Reached XP level 3. HP: 28/28 MP: 3/3
  1123 | D:2      | Found a faded altar of an unknown god.
  1183 | D:2      | Reached XP level 4. HP: 34/34 MP: 4/4
  1724 | D:3      | Reached skill level 5 in Polearms
  1724 | D:3      | Reached skill level 5 in Dodging
  1724 | D:3      | Reached XP level 5. HP: 40/41 MP: 5/5
  1866 | D:3      | Reached skill level 1 in Armour
  1908 | D:3      | Noticed a black bear
  1917 | D:3      | Killed a black bear
  1918 | D:3      | Reached XP level 6. HP: 46/48 MP: 6/6
  2023 | D:3      | Noticed Jessica
  2032 | D:3      | Killed Jessica
  2150 | D:3      | Noticed Terence
  2160 | D:3      | Killed Terence
  2890 | D:4      | Reached XP level 7. HP: 47/54 MP: 7/7
  2962 | D:4      | Got the Grimoire of the Damned
  3027 | D:4      | Found a glowing silver altar of Zin.
  3152 | D:4      | Found an opulent altar of Gozag.
  3277 | D:5      | Entered Level 5 of the Dungeon
  3277 | D:5      | Found a sand-covered staircase.
  3294 | Ossuary  | Entered an ossuary
  4171 | D:5      | Reached XP level 8. HP: 60/61 MP: 8/8
  4228 | D:5      | Reached skill level 5 in Fighting
  4246 | D:5      | Noticed Duvessa
  4247 | D:5      | Noticed Dowan
  4267 | D:6      | Noticed a yak
  4267 | D:6      | Noticed a kobold demonologist
  4267 | D:6      | Noticed a skeletal warrior
  4894 | D:7      | Reached skill level 5 in Throwing
  4982 | D:7      | Reached XP level 9. HP: 25/69 MP: 9/9
  5015 | D:6      | HP: 2/69 [poisoned by a kobold brigand (curare-tipped
                  | dart)]
  5015 | D:6      | Asphyxiated

Illustrated notes

Levels and vault maps discovered:
D:1:      psy_arrival_radial01, layout_rooms, chequers_hall_statues_wall_a,
          supply_closet_lemuel
D:2:      layout_basic, hellmonk_ecumenical_altar_arch_garden
D:3:      minmay_angry_zag, layout_basic, st_stairs_13, hellmonk_no_cap,
          uniq_jessica, uniq_terence
D:4:      layout_gridville, pdpol_temple_overflow_zin_treasury_gozag_greed,
          nrook_campfire
D:5:      layout_gridville, nicolae_ossuary_entry_monument, uniq_duvessa
D:6:      layout_basic, lemuel_zombie_altar_kikubaaqudgha, minmay_manual_moon
D:7:      layout_loops_ring, kennysheep_mini_moat, minmay_temple_entry_waves,
          eino_tiny_chamber, kennysheep_another_room, uniq_joseph

Skill      XL: |  1  2  3  4  5  6  7  8 |
---------------+-------------------------+-----
Fighting       | 3 4 5 |  5.9
Polearms       | 5 6 7 |  7.8
Throwing       | 3 4 5 |  5.3
Dodging        | 5 6 7 |  7.6
Armour         | 1 2 3 |  3.3

Action                     |  1- 3 |  4- 6 |  7- 9 || total
---------------------------+-------+-------+-------++-------
  Melee: Trident           |    78 |   168 |   247 ||   493
         Punch             |       |     2 |     2 ||     4
    Use: Scroll            |     4 |       |     5 ||     9
         Potion            |       |       |     1 ||     1
 Armour: Leather armour    |     4 |       |       ||     4
         Scale mail        |    25 |    81 |    51 ||   157
  Dodge: Dodged            |    55 |   153 |   148 ||   356

Table legend: (Time is in decaauts)
 A = Elapsed time spent in this place.
 B = Non-inter-level travel time spent in this place.
 C = Inter-level travel time spent in this place.
 D = Time resting spent in this place.
 E = Time spent auto-exploring this place.
 F = Levels seen in this place.
 G = Mean time per level.
                   A        B        C        D        E       F      G
               +--------+--------+--------+--------+--------+-----+--------+
         Total |   5017 |   4796 |    221 |    705 |   2836 |   8 |  627.1 |
       Dungeon |   4162 |   3941 |    221 |    424 |   2500 |   7 |  594.6 |
       Ossuary |    855 |    855 |      0 |    281 |    336 |   1 |  855.0 |
               +--------+--------+--------+--------+--------+-----+--------+

Top non-repeatable levels by time:
     D:2: 963 daAuts
     D:3: 922 daAuts
 Ossuary: 855 daAuts
     D:1: 726 daAuts
     D:4: 676 daAuts
     D:6: 618 daAuts
     D:5: 130 daAuts
     D:7: 124 daAuts
